 Dungeon Crawl Stone Soup version 0.27.1-1-g398f81649c (webtiles) character file.

Game seed: 15660198398143375726

20 DearestLeader the Chopper (level 2, 0/25 HPs)
             Began as a Minotaur Gladiator on Sept 15, 2021.
             Slain by a ball python (1 damage)
             ... on level 1 of the Dungeon.
             The game lasted 00:01:07 (202 turns).

DearestLeader the Chopper (Minotaur Gladiator)       Turns: 202, Time: 00:01:07

Health: 0/25       AC:  3    Str: 18    XL:     2   Next: 58%
Magic:  1/1        EV:  8    Int:  5    God:
Gold:   22         SH:  3    Dex: 11    Spells: 1/1 levels left

rFire    . . .     SeeInvis .   a - +0 war axe
rCold    . . .     Faith    .   f - +0 buckler
rNeg     . . .     Spirit   .   b - +0 leather armour
rPois    .         Reflect  .   c - +0 hat
rElec    .         Harm     .   (no cloak)
rCorr    .         Rampage  .   (no gloves)
Will     .....                  (no boots)
Stlth    +.........             (no amulet)
HPRegen  0.08/turn              (no ring)
MPRegen  0.07/turn              (no ring)

@: constricted
A: horns 2, retaliatory headbutt
a: no special abilities


You were on level 1 of the Dungeon.
You visited 1 branch of the dungeon, and saw 1 of its levels.

You collected 22 gold pieces.

Inventory:

Hand Weapons
 a - a +0 war axe (weapon)
Missiles
 d - 3 throwing nets (quivered)
Armour
 b - a +0 leather armour (worn)
 c - a +0 hat (worn)
 f - a +0 buckler (worn)
Potions
 e - a potion of ambrosia {unknown}
 g - a potion of haste {unknown}


   Skills:
 + Level 2.9 Fighting
 * Level 4.4 Axes
 - Level 2.0 Throwing
 - Level 3.2 Dodging
 + Level 0.4 Shields


You had one spell level left.
You didn't know any spells.
Your spell library was empty.

Dungeon Overview and Level Annotations

Branches:
Dungeon (1/15)

Altars:

Shops:
D:1 :


Innate Abilities, Weirdness & Mutations

You have a pair of horns on your head.
You reflexively headbutt those who attack you in melee.


Message History

The ball python bites you but does no damage.
The ball python constricts you.
The ball python bites you but does no damage.
The quokka bites you but does no damage.
You barely miss the ball python. You closely miss the quokka.
You barely miss the ball python. The ball python barely misses you.
The ball python constricts you. The ball python closely misses you.
The quokka bites you. x2; The ball python bites you.
The ball python constricts you.
You closely miss the ball python. Your headbutt misses the ball python.
You slash the ball python!
You kill the ball python!
You closely miss the quokka. x2; The quokka barely misses you.
You furiously retaliate!
You headbutt the quokka!
You kill the quokka!
The ball python bites you. The ball python constricts you.
The quokka bites you.
You are too injured to fight recklessly!
You hit the quokka.
You kill the quokka!
You closely miss the ball python. The ball python bites you.
* * * LOW HITPOINT WARNING * * *
The ball python constricts you.
* * * LOW HITPOINT WARNING * * *
You block the ball python's attack. The ball python constricts you.
You barely miss the ball python. Your headbutt misses the ball python.
The ball python bites you but does no damage.
The ball python constricts you.
* * * LOW HITPOINT WARNING * * *
The ball python bites you but does no damage.
The ball python constricts you.
Unknown command.
You closely miss the ball python. The ball python bites you.
* * * LOW HITPOINT WARNING * * *
The ball python constricts you.
* * * LOW HITPOINT WARNING * * *
Unknown command.
You barely miss the ball python. Your headbutt misses the ball python.
The ball python bites you.
You die...

..........# ..........#
..........# ..........#
.?........##
...........###.
.....$.†S†....>.# .
..>....†@..# .#.#
.....###.######.#.###
..!.................
#.#.#####.######...###.
..........## #......(
#######....####†#..##..
.......................
####..†.#..##..#.###$..#
......####.....#.# ..


You could see a ball python.

Vanquished Creatures
  5 ball pythons (D:1)
  A bat (D:1)
  2 endoplasms (D:1)
  A giant cockroach (D:1)
  A kobold (D:1)
  4 quokkas (D:1)
  A frilled lizard (D:1)
  2 rats (D:1)
17 creatures vanquished.

Notes
Turn   | Place    | Note
-------+----------+-------------------------------------------
     0 | D:1      | DearestLeader the Minotaur Gladiator began the quest for
                  | the Orb.
     0 | D:1      | Reached XP level 1. HP: 18/18 MP: 0/0
    16 | D:1      | Found Uceat's Book Boutique.
    42 | D:1      | Reached skill level 4 in Axes
    77 | D:1      | Reached XP level 2. HP: 25/25 MP: 1/1
   201 | D:1      | HP: 1/25 [constriction (1)]
   202 | D:1      | Slain by a ball python

Illustrated notes

Levels and vault maps discovered:
D:1:      wander_arrival_fairy_ring, layout_rooms, serial_shops, shop,
          minmay_misc_feat_more_columns

Skill      XL: |  1 |
---------------+----+-----
Axes           | 4 |  4.4
Fighting       | |  2.9
Throwing       | |  2.0
Dodging        | |  3.2
Shields        | |  0.4

Action                   || total
-------------------------++-------
Melee: War axe           ||    27
       Headbutt          ||     4
Armor: Leather armour    ||    15
Dodge: Dodged            ||    14
Block: Buckler           ||     1
